 Dungeon Crawl Stone Soup version 0.29.1-13-g9f3cf754e1 (webtiles) character file.

Game seed: 892998678281913697

116 Heoruswealwe the Grave Robber (level 4, -7/24 HPs)
             Began as a Deep Elf Necromancer on Feb 2, 2023.
             Killed from afar by an orc wizard (9 damage)
             ... with a magic dart
             ... on level 3 of the Dungeon.
             The game lasted 00:28:25 (1818 turns).

Heoruswealwe the Grave Robber (DENe)                Turns: 1818, Time: 00:28:26

Health: -7/24      AC:  2    Str:  5    XL:     4   Next: 70%
Magic:  8/12       EV: 12    Int: 22    God:
Gold:   129        SH:  0    Dex: 15    Spells: 11/12 levels left

rFire   . . .      SeeInvis .   (no weapon)
rCold   . . .      Faith    .   (no shield)
rNeg    . . .      Spirit   .   a - +0 robe
rPois   .          Reflect  .   I - +0 hat
rElec   .          Harm     .   (no cloak)
rCorr   .          Rampage  .   (no gloves)
Will    .....                   (no boots)
Stlth   ++........              (no amulet)
HPRegen 0.08/turn               (no ring)
MPRegen 0.13/turn               (no ring)

@: no status effects
A: no striking features
a: no special abilities


You were on level 3 of the Dungeon.
You visited 1 branch of the dungeon, and saw 3 of its levels.

You collected 129 gold pieces.

Inventory:

Hand Weapons
 d - a +0 spear
 f - a +0 dagger
 k - a +0 club
 m - a +0 spear
 n - a +0 club
 p - a +0 whip
 q - a +0 war axe
 r - a +0 dagger
 s - a +0 club
 t - a +0 hand axe
 u - a +0 spear
 A - a +0 club
 B - a +0 dagger
 H - a +0 dagger
 J - a +0 club
 L - a +0 mace
Missiles
 e - 43 stones
 l - 3 boomerangs
 F - a throwing net
Armour
 a - a +0 robe (worn)
 c - a +0 chain mail
 v - a +0 ring mail
 x - a +0 ring mail
 E - a +2 pair of gloves
 I - a +0 hat (worn)
Jewellery
 C - a ring of protection from fire
 D - a ring of positive energy
 G - a ring of resist corrosion
Scrolls
 g - a scroll of noise {unknown}
 j - a scroll of enchant weapon {unknown}
 o - a scroll of fear {unknown}
 y - a scroll of enchant armour {unknown}
 K - a scroll of identify {unknown}
Potions
 b - a potion of magic
 h - 2 potions of degeneration {unknown}
 i - 3 potions of heal wounds {unknown}
 w - a potion of flight {unknown}
 z - a potion of curing {unknown}


   Skills:
 + Level 2.6 Dodging
 + Level 2.8 Stealth
 + Level 4.8 Spellcasting
 + Level 6.2 Necromancy


You had 11 spell levels left.
You knew the following spells:

 Your Spells              Type           Power      Damage    Failure   Level
a - Necrotise             Necr           100%       1d9       1%          1

Your spell library contained the following spells:

 Spells                   Type           Power      Damage    Failure   Level
 Vampiric Draining        Necr           32%        2d8       2%          3
 Animate Dead             Necr           32%        N/A       8%          4
 Ensorcelled Hibernation  Hex/Ice        10%        N/A       16%         2
 Passwall                 Tmut/Erth      4%         N/A       16%         2
 Agony                    Necr           32%        N/A       22%         5
 Swiftness                Air            5%         N/A       30%         3


Dungeon Overview and Level Annotations

Branches:
Dungeon (3/15)

Altars:


Message History

You barely miss something. Something hits you but does no damage.
Something hits you. The orc hits you with a +0 hand axe.
You're too confused to cast spells.
You feel less confused.
Casting: Necrotise (safe; 1% risk of failure)
Confirm with . or Enter, or press ? or * to list all spells.
You don't know that spell.
Casting: Necrotise (safe; 1% risk of failure)
Confirm with . or Enter, or press ? or * to list all spells.
Aiming: Necrotise (safe; 1% risk of failure)
Press: ? - help, Shift-Dir - straight line, f - orc
Aim: an orc, wielding a +0 hand axe and wearing a +0 chain mail (chance to affect: 93%)
The orc writhes in agony.
Something hits you but does no damage. The orc closely misses you.
Casting: Necrotise (safe; 1% risk of failure)
Confirm with . or Enter, or press ? or * to list all spells.
You don't know that spell.
Unknown command.
Casting: Necrotise (safe; 1% risk of failure)
Confirm with . or Enter, or press ? or * to list all spells.
Aiming: Necrotise (safe; 1% risk of failure)
Press: ? - help, Shift-Dir - straight line, f/p - orc
Aim: an orc, wielding a +0 hand axe and wearing a +0 chain mail (heavily wounded, chance to affect: 93%)
The orc writhes in agony.
The orc hits you with a +0 hand axe.
* * * LOW HITPOINT WARNING * * *
Something barely misses you. The orc attacks as you move away!
The orc completely misses you. The orc attacks as you move away!
The orc closely misses you.
Casting: Necrotise (safe; 1% risk of failure)
Confirm with . or Enter, or press ? or * to list all spells.
Aiming: Necrotise (safe; 1% risk of failure)
Press: ? - help, Shift-Dir - straight line, f/p - orc
Aim: an orc, wielding a +0 hand axe and wearing a +0 chain mail (severely wounded, chance to affect: 93%)
Something writhes in agony!
Something hits you.
* * * LOW HITPOINT WARNING * * *
You hear some strange, mumbled words.
A magic dart appears from out of thin air!
The magic dart hits you!
You die...

.# #.#.#.. .### #..###. .... #+#
####...#.. ..#.###### ♣♣♣.♣♣♣
#..####.## ......... ♣♣.....♣♣
##.##..... .....#.. ♣♣.......♣♣
##.##.#... .....#.#
♣♣....⌠....♣♣#.........
#..#.###♣...##.##...♣##.##.....
..#......#♣...#.@.#...♣##.##.....
.....#.#.'...⌠..{o.⌠...'..##..#..
######.###♣...#...#...♣#####.....
#.# ♣...##.##...♣ ##.... ..#
♣♣....⌠....♣♣ #..## ###
♣♣.......♣♣ #..# ♣♣...).♣♣
######.## ♣♣♣.♣♣♣ #........ #)#
#........


You could see an orc.

Vanquished Creatures
  A gnoll (D:1)
  4 adders
  2 worms
  A dart slug (D:3)
  2 orcs (D:3)
  5 ball pythons
  5 endoplasms
  2 giant cockroaches
  5 goblins
  4 hobgoblins
  A jackal (D:2)
  3 kobolds
  2 quokkas
  5 bats
  3 frilled lizards (D:1)
  3 rats
48 creatures vanquished.

Vanquished Creatures (collateral kills)
  2 dart slugs
  2 giant cockroaches
  A hobgoblin (D:2)
  A jackal (D:2)
  A ball python (D:1)
  A frilled lizard (D:1)
8 creatures vanquished.

Vanquished Creatures (others)
  A plant (D:1)
1 creature vanquished.

Grand Total: 57 creatures vanquished

Notes
Turn   | Place    | Note
-------+----------+-------------------------------------------
     0 | D:1      | Heoruswealwe the Deep Elf Necromancer began the quest for
                  | the Orb.
     0 | D:1      | Reached XP level 1. HP: 10/10 MP: 6/6
   103 | D:1      | Reached skill level 5 in Necromancy
   182 | D:1      | Reached XP level 2. HP: 14/15 MP: 0/8
   297 | D:2      | Reached XP level 3. HP: 19/19 MP: 0/10
  1197 | D:3      | Reached XP level 4. HP: 24/24 MP: 9/12
  1352 | D:2      | Reached skill level 6 in Necromancy
  1425 | D:3      | Noticed an ice beast
  1817 | D:3      | HP: 1/24 [something (2)]
  1818 | D:3      | Killed from afar by an orc wizard

Illustrated notes

Levels and vault maps discovered:
D:1:      dpeg_arrival_renting, layout_basic, serial_park_tiny_2,
          serial_park_tiny_1, nicolae_grassy_gnolls
D:2:      layout_basic
D:3:      layout_loops_cross, kennysheep_generic_room_2, uniq_robin

Skill      XL: |  1  2  3  4 |
---------------+-------------+-----
Necromancy     | 5 6 |  6.2
Spellcasting   | 4 |  4.8
Dodging        | |  2.6
Stealth        | |  2.8

Action                   |  1- 3 |  4- 6 || total
-------------------------+-------+-------++-------
Melee: Unarmed           |       |     1 ||     1
 Cast: Necrotise         |    57 |    39 ||    96
Armor: Robe              |     3 |     3 ||     6
Dodge: Dodged            |     2 |     5 ||     7
